 Dungeon Crawl Stone Soup version 0.27.1-2-g3b301248ec (webtiles) character file.

Game seed: 13701770477195595357

852 Urokeeper the Shield-Bearer (level 7, -4/63 HPs)
             Began as a Minotaur Fighter on Sept 28, 2021.
             Slain by a sky beast (6 damage)
             ... on level 6 of the Dungeon.
             The game lasted 00:19:24 (5607 turns).

Urokeeper the Shield-Bearer (Minotaur Fighter)      Turns: 5607, Time: 00:19:25

Health: -4/63      AC:  7    Str: 20 (23) XL:     7   Next: 69%
Magic:  6/6        EV:  8    Int:  4 (5)  God:
Gold:   482        SH: 10    Dex:  8 (9)  Spells: 6/6 levels left

rFire    . . .     SeeInvis .   a - +0 war axe
rCold    . . .     Faith    .   c - +0 kite shield
rNeg     . . .     Spirit   .   b - +0 scale mail
rPois    .         Reflect  .   (helmet restricted)
rElec    .         Harm     .   (no cloak)
rCorr    .         Rampage  .   (no gloves)
Will     .....                  (no boots)
Stlth    ..........             (no amulet)
HPRegen  0.20/turn              (no ring)
MPRegen  0.10/turn              (no ring)

@: mighty
A: horns 2, retaliatory headbutt
a: no special abilities


You were on level 6 of the Dungeon.
You visited 1 branch of the dungeon, and saw 7 of its levels.
You also visited: Ossuary.

You collected 482 gold pieces.

Inventory:

Hand Weapons
 a - a +0 war axe (weapon)
Missiles
 i - 7 javelins (quivered)
Armour
 b - a +0 scale mail (worn)
 c - a +0 kite shield (worn)
Wands
 q - a wand of flame (6)
Scrolls
 e - a scroll of magic mapping
 f - 2 scrolls of silence {unknown}
 g - 3 scrolls of teleportation {unknown}
 j - a scroll of noise
 o - 2 scrolls of enchant armour {unknown}
 p - a scroll of torment
 r - a scroll of holy word


   Skills:
 + Level 6.1 Fighting
 + Level 5.9 Axes
 + Level 6.2 Armour
 - Level 0.2 Dodging
 + Level 6.4 Shields


You had 6 spell levels left.
You didn't know any spells.
Your spell library contained the following spells:

 Spells                   Type           Power      Damage    Failure   Level
 Freeze                   Ice            0%         1d3       99%         1
 Slow                     Hex            0%         N/A       100%        2
 Confusing Touch          Hex            0%         N/A       100%        3
 Frozen Ramparts          Ice            0%         1d2       100%        3
 Ozocubu's Armour         Ice            0%         N/A       100%        3
 Vampiric Draining        Necr           0%         2d6       100%        3
 Hailstorm                Conj/Ice       0%         3d3       100%        4
 Metabolic Englaciation   Hex/Ice        0%         N/A       100%        5
 Simulacrum               Ice/Necr       0%         N/A       100%        6


Dungeon Overview and Level Annotations

Branches:
Dungeon (7/15)            Ossuary (visited)
 Temple: D:4-7

Altars:

Annotations:
D:4 1 runed translucent door, nroviw's ghost, novice TrFi


Innate Abilities, Weirdness & Mutations

You have a pair of horns on your head.
You reflexively headbutt those who attack you in melee.


Message History

The orc hits you but does no damage.
You can't go down here!
The orc hits you but does no damage.
You climb upwards.
You block the orc's attack. The orc closely misses you.
You furiously retaliate!
You headbutt the orc!
You kill the orc!
You block the orc's attack. The orc hits you with a +0 mace.
* * * LOW HITPOINT WARNING * * *
There is a stone staircase leading down, spattered with blood here.
Blink to where?
Press: ? - help, Dir - move target
As you read the scroll of blinking, it crumbles to dust.
The orc priest hits you with a +0 hand axe.
* * * LOW HITPOINT WARNING * * *
You slash the orc priest!
You kill the orc priest!
Sorry, you're not good enough to have a special ability.
It was a potion of degeneration.
There was something very wrong with that liquid.
You feel weakened.
You feel dopey.
You feel clumsy.
An orc comes into view. It is wielding a +0 falchion.
You closely miss the sky beast.
The orc shouts!
You hear a shout!
The sky beast hits you.
* * * LOW HITPOINT WARNING * * *
The sky beast shocks you.
* * * LOW HITPOINT WARNING * * *
An orc comes into view. It is wielding a +0 war axe.
You block the sky beast's attack.
The orc shouts!
You slash the sky beast!
The sky beast is heavily wounded.
You hit the orc. The orc hits you but does no damage.
You block the sky beast's attack. You block the orc's attack.
As you read the scroll labelled HOAHOGG JUGY, it crumbles to dust.
The scroll dissolves into smoke.
It was a scroll of fog.
The sky beast hits you.
* * * LOW HITPOINT WARNING * * *
The sky beast shocks you.
You die...

#########
#.o.)...#
#..>....#
####.......#
#@Yo!......#
#oo§.......#
#oo§.......#
............#
##..........#
#..........#
.....##.#
####.# .#


You could see a sky beast and 5 orcs.

Vanquished Creatures
  A black bear (D:5)
  2 necrophages
  2 scorpions (D:4)
  A bullfrog zombie (D:5)
  An orc priest (D:6)
  Ijyb (D:3)
  3 iguanas
  A scorpion zombie (D:5)
  An orc wizard (D:7)
  2 killer bee zombies (D:7)
  2 mummies (Ossuary)
  3 gnolls (D:4)
  6 adders
  A white imp (D:7)
  A worm (D:4)
  A dart slug (D:3)
  6 orcs
  7 ball pythons
  8 bats
  3 endoplasms
  14 giant cockroaches
  8 goblins
  5 hobgoblins
  4 jackals (D:2)
  4 kobolds
  4 quokkas
  3 frilled lizards (D:1)
  6 gnoll zombies (Ossuary)
  A goblin zombie (Ossuary)
  3 hobgoblin zombies (Ossuary)
  4 orc zombies (Ossuary)
  A quokka zombie (D:7)
  2 rats (D:2)
  A rat zombie (D:7)
113 creatures vanquished.

Notes
Turn   | Place    | Note
-------+----------+-------------------------------------------
     0 | D:1      | Urokeeper the Minotaur Fighter began the quest for the Orb.
     0 | D:1      | Reached XP level 1. HP: 19/19 MP: 0/0
   242 | D:1      | Reached XP level 2. HP: 27/27 MP: 1/1
   841 | D:1      | Found a faded altar of an unknown god.
   972 | D:2      | Reached XP level 3. HP: 18/33 MP: 2/2
  1672 | D:2      | Reached XP level 4. HP: 40/40 MP: 3/3
  2194 | D:3      | Noticed Ijyb
  2217 | D:3      | Killed Ijyb
  3114 | D:4      | Noticed a scorpion
  3195 | D:4      | Noticed a scorpion
  3232 | D:4      | Reached XP level 5. HP: 33/47 MP: 4/4
  3282 | D:4      | Reached skill level 5 in Shields
  3382 | D:4      | HP: 2/47 [poisoned by an adder]
  3444 | D:4      | Noticed a necrophage
  3765 | D:4      | Reached skill level 5 in Armour
  3765 | D:4      | Reached XP level 6. HP: 18/55 MP: 5/5
  4042 | D:4      | Reached skill level 5 in Fighting
  4253 | D:4      | Found a runed translucent door.
  4274 | D:4      | Reached skill level 5 in Axes
  4379 | D:4      | Noticed nroviw's ghost (novice TrFi)
  4641 | D:5      | Entered Level 5 of the Dungeon
  4859 | D:5      | Reached XP level 7. HP: 58/61 MP: 6/6
  5178 | D:5      | You fall into a shaft and drop 2 floors!
  5197 | D:7      | Found a sand-covered staircase.
  5244 | Ossuary  | Entered an ossuary
  5605 | D:6      | HP: 3/63 [sky beast (6)]
  5607 | D:6      | Slain by a sky beast

Illustrated notes

Levels and vault maps discovered:
D:1:      kilobyte_arrival_exit_the_forest, layout_loops_cross,
          shapermc_ecumenical_altar_mp_vishouse
D:2:      minmay_roachtagon, layout_basic, st_stairs_2
D:3:      layout_loops_ring, uniq_ijyb
D:4:      layout_cave_pools, ebering_ghost_reflecting_pool,
          roderic_st_hans_cross, hangedman_minor_gate_pass
D:5:      layout_gridville, kennysheep_generic_room_10
D:6:      kennysheep_big_flooded_room, layout_rooms,
          nicolae_vehumet_altar_sigil, minmay_temple_entry_stoned_glass,
          serial_shops, shop_statue, lemuel_flamethrower_1, uniq_eustachio
D:7:      minmay_slanted_spiral_squares, layout_basic, enter_ossuary_4,
          uniq_pikel

Skill      XL: |  1  2  3  4  5  6  7 |
---------------+----------------------+-----
Armour         | 4 5 6 |  6.2
Fighting       | 4 5 6 |  6.1
Shields        | 4 5 6 |  6.4
Axes           | 3 4 5 |  5.9
Dodging        | |  0.2

Action                   |  1- 3 |  4- 6 |  7- 9 || total
-------------------------+-------+-------+-------++-------
Melee: War axe           |    92 |   124 |    65 ||   281
       Headbutt          |    11 |    17 |     8 ||    36
Evoke: Wand              |       |     1 |       ||     1
  Use: Potion            |       |     6 |     2 ||     8
       Scroll            |       |     5 |     2 ||     7
Armor: Scale mail        |    43 |    57 |    25 ||   125
Dodge: Dodged            |    39 |    34 |    29 ||   102
Block: Kite shield       |    61 |    64 |    49 ||   174
